 Dungeon Crawl Stone Soup version 0.25.1-2-g60ff931df9 (webtiles) character file.

Game seed: 7008020138408999066

637 Johnny the Digger (level 7, -11/50 HPs)
             Began as a Demigod Earth Elementalist on Oct 27, 2020.
             Mangled by Duvessa
             ... wielding a +4 short sword of electrocution
              (12 damage)
             ... on level 4 of the Dungeon.
             The game lasted 00:04:50 (6774 turns).

Johnny the Digger (Demigod Earth Elementalist)      Turns: 6774, Time: 00:04:51

Health: -11/50     AC:  4    Str:  9 (11) XL:     7   Next: 4%
Magic:  14/16      EV: 12    Int: 21 (23) God:
Gold:   148        SH:  0    Dex: 15 (16) Spells: 13/14 levels left

rFire    . . .     SeeInvis .   g - +1 dagger (drain)
rCold    . . .     Gourm    .   (no shield)
rNeg     . . .     Faith    .   c - +0 robe
rPois    .         Spirit   .   s - +0 helmet
rElec    .         Reflect  .   (no cloak)
rCorr    +         Harm     .   r - +0 pair of gloves
MR       .....                  (no boots)
Stlth    +.........             (no amulet)
HPRegen  0.16/turn              i - ring of attention (curse)
MPRegen  0.15/turn              n - ring of resist corrosion

@: no status effects
A: high mp 1
a: no special abilities


You were on level 4 of the Dungeon.
You were not hungry.

You visited 1 branch of the dungeon, and saw 7 of its levels.

You collected 148 gold pieces.

Inventory:

Hand Weapons
 e - a +0 dagger
 g - a +1 dagger of draining (weapon)
Missiles
 b - 127 stones (quivered)
Armour
 c - a +0 robe (worn)
 r - a +0 pair of gloves (worn)
 s - a +0 helmet (worn)
 v - a +0 buckler
Magical Staves
 q - an uncursed staff of fire {unknown}
Jewellery
 i - a cursed ring of attention (left hand)
 n - a ring of resist corrosion (right hand)
 t - an uncursed ring of see invisible {unknown}
Scrolls
 a - 2 scrolls of blinking {unknown}
 h - a scroll of immolation {unknown}
 j - 2 scrolls of amnesia {unknown}
 k - a scroll of random uselessness {unknown}
 l - 2 scrolls of teleportation {unknown}
 m - 3 scrolls of identify {unknown}
 o - a scroll of remove curse {unknown}
 p - a scroll of magic mapping {unknown}
Comestibles
 d - 7 rations
 w - 2 chunks of flesh


   Skills:
 - Level 1.7 Dodging
 - Level 1.7 Stealth
 + Level 0.9 Shields
 + Level 4.0 Spellcasting
   Level 0.8 Transmutations
 * Level 6.4 Earth Magic


You had 13 spell levels left.
You knew the following spells:

 Your Spells              Type           Power        Failure   Level  Hunger
a - Sandblast             Erth           ####..       1%          1    None

Your spell library contained the following spells:

 Spells                   Type           Power        Failure   Level  Hunger
 Passwall                 Tmut/Erth      ###.....     4%          2    #......
 Stone Arrow              Conj/Erth      ###...       10%         3    ###....
 Animate Skeleton         Necr           N/A          12%         1    None
 Pain                     Necr           #...         12%         1    None
 Lee's Rapid Deconstruct  Erth           ####......   24%         5    ######.
 Petrify                  Tmut/Erth      ###.....     26%         4    ####...
 Confusing Touch          Hex            #.......     34%         3    ###....
 Gell's Gravitas          Tloc           #.........   34%         3    ###....
 Vampiric Draining        Necr           #.........   34%         3    ###....
 Animate Dead             Necr           N/A          75%         4    ####...
 Yara's Violent Unravell  Hex/Tmut       #.........   95%         5    ######.
 Agony                    Necr           #.......     97%         5    ######.
 Metabolic Englaciation   Hex/Ice        #.........   97%         5    ######.


Dungeon Overview and Level Annotations

Branches:
Dungeon (7/15)
 Temple: D:4-7

Annotations:
D:4 Duvessa


Innate Abilities, Weirdness & Mutations

You have an increased reservoir of magic. (+10% MP)


Message History

Aiming: Enslavement
Press: ? - help, Shift-Dir - straight line, f/p - Duvessa
Aim: Duvessa, wielding a +4 short sword of electrocution and wearing a +0 leather armour (lightly wounded, chance to defeat MR: 28%) Duvessa easily resists.
Duvessa barely misses you.
Evoke which item? (* to show all) (? for menu, Esc to quit)
Aiming: Enslavement
Press: ? - help, Shift-Dir - straight line, f/p - Duvessa
Aim: Duvessa, wielding a +4 short sword of electrocution and wearing a +0 leather armour (lightly wounded, chance to defeat MR: 28%) Duvessa easily resists.
The now-empty wand crumbles to dust.
Duvessa hits you with a +4 short sword of electrocution.
* * * LOW HITPOINT WARNING * * *
Unknown command.
Okay, then.
You aren't carrying any items that you can evoke without wielding.
Unknown command.
It was a potion of degeneration.
There was something very wrong with that liquid.
You feel weakened.
You feel dopey.
You feel clumsy.
Duvessa hits you with a +4 short sword of electrocution!
You die...

####.#+## #.#.#
#......# .)..)#.#
#...# ###.####
.......# ##.## #<#
######.## #)# #.# #
##...## #†# .#.
...#.....## #.# .#
#.## #........# #.#
.# #..
######.##.########.#
## ##
.......#........@e!#
#
######.##.##########
# #.#### # #.# # #.#
######.# #......####
..........## #####
..####.....######..>#


You could see Duvessa.

Vanquished Creatures
  Sigmund (D:3)
  A water moccasin skeleton (D:5)
  Dowan (D:4)
  A howler monkey (D:5)
  2 hounds
  An orc priest (D:4)
  An orc wizard (D:4)
  Natasha (thrice) (D:2)
  Robin (D:2)
  4 adders
  An adder zombie (D:5)
  2 worms
  3 leopard geckos
  9 orcs
  10 bats
  3 giant cockroaches
  15 goblins
  5 hobgoblins
  14 jackals
  4 quokkas
  A ball python (D:6)
  5 frilled lizards
  13 kobolds
  13 rats
114 creatures vanquished.

Vanquished Creatures (collateral kills)
  An orc (D:4)
1 creature vanquished.

Vanquished Creatures (others)
  2 orc priests (D:4)
2 creatures vanquished.

Grand Total: 117 creatures vanquished

Notes
Turn   | Place    | Note
-------+----------+-------------------------------------------
     0 | D:1      | Johnny the Demigod Earth Elementalist began the quest for
                  | the Orb.
     0 | D:1      | Reached XP level 1. HP: 14/14 MP: 5/5
   292 | D:1      | Reached skill level 3 in Earth Magic
  1015 | D:1      | Reached XP level 2. HP: 12/20 MP: 7/7
  1876 | D:2      | Noticed Natasha
  1962 | D:2      | HP: 1/20 [kobold (2)]
  2335 | D:3      | Reached XP level 3. HP: 18/26 MP: 7/9
  3124 | D:3      | Noticed Sigmund
  3134 | D:3      | Killed Sigmund
  3134 | D:3      | Reached skill level 5 in Earth Magic
  3134 | D:3      | Reached XP level 4. HP: 14/33 MP: 1/11
  3134 | D:3      | Reached XP level 5. HP: 17/38 MP: 1/12
  3346 | D:3      | Noticed a +0 dagger
  3346 | D:3      | Noticed a +0 hand axe
  3352 | D:3      | Found a hide-covered altar of Uskayaw.
  3975 | D:2      | Killed Natasha
  4318 | D:2      | Noticed Robin
  4322 | D:2      | Killed Robin
  4719 | D:2      | Noticed Natasha
  4725 | D:2      | Killed Natasha
  4725 | D:2      | Reached XP level 6. HP: 28/45 MP: 14/14
  4749 | D:2      | Noticed Natasha
  4753 | D:2      | Killed Natasha
  4872 | D:2      | Found a shimmering altar of Xom.
  4989 | D:4      | Found an iron altar of Okawaru.
  4989 | D:4      | Found a hazy altar of Hepliaklqana.
  5314 | D:4      | Found a bloodstained altar of Trog.
  5317 | D:4      | You fall into a shaft and drop 3 floors!
  5650 | D:5      | Entered Level 5 of the Dungeon
  5683 | D:5      | Reached skill level 6 in Earth Magic
  6709 | D:4      | Noticed Duvessa
  6711 | D:4      | Noticed Dowan
  6724 | D:4      | Killed Dowan
  6724 | D:4      | Reached XP level 7. HP: 21/50 MP: 14/16
  6773 | D:4      | HP: 1/50 [Duvessa/+4 short sword of electrocution (3)]
  6774 | D:4      | Mangled by Duvessa

Illustrated notes

Levels and vault maps discovered:
D:1:      matt_arrival_spirals, layout_basic
D:2:      layout_rooms, xom_teletrap_fun, uniq_robin, uniq_natasha
D:3:      layout_basic, dancing_weapons_uskayaw, first_ration,
          kennysheep_generic_room_7, uniq_sigmund
D:4:      layout_loops_corners, nicolae_overflow_crystal_walls,
          lemuel_blue_sif_altar, chequers_temple_overflow_statue_of_worship,
          uniq_duvessa
D:5:      layout_loops_corners, minmay_temple_entry_wispy,
          kennysheep_generic_room_3
D:6:      layout_loops_ring, lemuel_crystal_altar,
          lemuel_coloured_pillars_altar, minmay_unpleasant_kobolds, uniq_edmund
D:7:      layout_gridville, kennysheep_mini_moat, uniq_joseph

Skill      XL: |  1  2  3  4  5  6 |
---------------+-------------------+-----
Earth Magic    | 3 5 6 |  6.4
Spellcasting   | 2 3 4 |  4.0
Dodging        | |  1.7
Stealth        | |  1.7
Shields        | |  0.9
Transmutations | |  0.8

Action                   |  1- 3 |  4- 6 |  7- 9 || total
-------------------------+-------+-------+-------++-------
Melee: Unarmed           |    87 |       |       ||    87
       Dagger            |    32 |   172 |       ||   204
 Cast: Sandblast         |    31 |    38 |     5 ||    74
Evoke: Wand              |       |     6 |     4 ||    10
  Use: Potion            |     4 |     1 |     1 ||     6
 Stab: Sleeping          |     5 |     1 |       ||     6
  Eat: Chunk             |     7 |    11 |       ||    18
Armor: Robe              |    25 |    40 |       ||    65
Dodge: Dodged            |    92 |   152 |     4 ||   248
